 Dungeon Crawl Stone Soup version 0.31-a0-4-gefa6de2278 (webtiles) character file.

Game seed: 2213634361035650492

80 retardedninja the Firebug (level 4, -2/32 HPs)
             Began as a Gnoll Fire Elementalist on May 4, 2023.
             Slain by an orc wizard
             ... wielding a +0 dagger
              (4 damage)
             ... on level 3 of the Dungeon.
             The game lasted 00:02:15 (2431 turns).

retardedninja the Firebug (Gnoll Fire Elementalist) Turns: 2431, Time: 00:02:15

Health: -2/32      AC:  2    Str:  8    XL:     4   Next: 39%
Magic:  5/11       EV: 13    Int: 16    God:
Gold:   120        SH:  0    Dex: 12    Spells: 10/13 levels left

rFire   . . .        f - +0 spear
rCold   . . .        (no shield)
rNeg    . . .        a - +0 robe
rPois   .            (no helmet)
rElec   .            (no cloak)
rCorr   .            (no gloves)
SInv    .            (no boots)
Will    .....        (no amulet)
Stlth   ++           (no ring)
HPRegen 0.25/turn    (no ring)
MPRegen 0.12/turn

%: no passive effects
@: lethally poisoned (-2 -> -13)
A: fangs 1, strong nose, distributed training
a: no special abilities


You were on level 3 of the Dungeon.
You visited 1 branch of the dungeon, and saw 3 of its levels.

You collected 120 gold pieces.

Inventory:

Hand Weapons
 f - a +0 spear (weapon)
Missiles
 h - 3 throwing nets
Armour
 a - a +0 robe (worn)
Jewellery
 o - a +5 ring of evasion
Wands
 p - a wand of charming (6)
Scrolls
 c - 2 scrolls of teleportation {unknown}
 d - 3 scrolls of fog {unknown}
 g - a scroll of magic mapping {unknown}
 j - a scroll of blinking {unknown}
 k - a scroll of identify {unknown}
 l - a scroll of amnesia {unknown}
Potions
 b - a potion of magic
 e - 2 potions of heal wounds {unknown}
 i - 2 potions of degeneration {unknown}
 m - a potion of attraction {unknown}
 n - a potion of curing {unknown}


   Skills:
 + Level 1.2 Fighting
 + Level 1.2 Short Blades
 + Level 1.2 Long Blades
 + Level 1.2 Axes
 + Level 1.2 Maces & Flails
 + Level 1.2 Polearms
 + Level 1.2 Staves
 + Level 1.2 Ranged Weapons
 + Level 1.2 Throwing
 + Level 1.2 Armour
 + Level 4.6 Dodging
 + Level 4.3 Stealth
 + Level 1.2 Shields
 + Level 1.2 Unarmed Combat
 + Level 5.1 Spellcasting
 + Level 2.2 Conjurations
 + Level 1.0 Hexes
 + Level 1.0 Summonings
 + Level 1.0 Necromancy
 + Level 1.0 Translocations
 + Level 1.0 Transmutations
 + Level 5.5 Fire Magic
 + Level 1.0 Ice Magic
 + Level 1.0 Air Magic
 + Level 1.0 Earth Magic
 + Level 1.0 Poison Magic
 + Level 1.3 Invocations
 + Level 1.2 Evocations


You had 10 spell levels left.
You knew the following spells:

 Your Spells              Type           Power      Damage    Failure   Level
a - Foxfire               Conj/Fire      64%        2x1d7     3%          1
b - Scorch                Fire           42%        2d7       2%          2

Your spell library contained the following spells:

 Spells                   Type           Power      Damage    Failure   Level
 Inner Flame              Hex/Fire       14%        N/A       12%         3
 Volatile Blastmotes      Fire/Tloc      28%        2d12      12%         3
 Frozen Ramparts          Ice            14%        1d3       30%         3
 Flame Wave               Conj/Fire      16%        2d7       30%         4
 Animate Dead             Necr           7%         N/A       69%         4
 Ice Form                 Ice/Tmut       7%         N/A       69%         4
 Summon Ice Beast         Ice/Summ       7%         N/A       69%         4
 Borgnjor's Vile Clutch   Necr/Erth      3%         N/A       95%         5
 Summon Forest            Summ/Tloc      3%         N/A       95%         5
 Summon Mana Viper        Hex/Summ       7%         N/A       95%         5
 Death Channel            Necr           3%         N/A       100%        6
 Summon Cactus Giant      Summ           3%         N/A       100%        6


Dungeon Overview and Level Annotations

Branches:
Dungeon (3/15)

Altars:
Nemelex Xobeh

Annotations:
D:1 1 exclusion


Innate Abilities, Weirdness & Mutations

You have very sharp teeth.
Your uncanny sense of smell can sniff out nearby items.
Your experience applies equally to all skills.


Message History

The adder bites you.
You are poisoned.
The adder poisons you! Something hits you.
Casting: Foxfire (safe; 3% risk of failure)
Press: ? - help, Q - select action, (/) - cycle Dir - look around, f - activate You conjure some foxfire!
You feel sick. The adder closely misses you. x2
Something hits you but does no damage. The orc barely misses you.
The orc hits your foxfire with a +0 hand axe.
You feel sick.
The foxfire hits something.
The foxfire hits something but does no damage.
The adder bites you.
You hear some strange, mumbled words.
Something tries to affect you, but you resist.
The orc hits you with a +0 hand axe.
Casting: Foxfire (safe; 3% risk of failure)
Press: ? - help, Q - select action, (/) - cycle Dir - look around, f - activate You conjure some foxfire!
You feel sick. The adder misses you. The orc barely misses you.
Something hits you but does no damage.
You feel sick.
The foxfire hits something. x2
The adder bites you but does no damage. The orc hits you with a +0 hand axe.
* * * LOW HITPOINT WARNING * * *
Something hits you.
* * * LOW HITPOINT WARNING * * *
Casting: Foxfire (safe; 3% risk of failure)
Press: ? - help, Q - select action, (/) - cycle Dir - look around, f - activate You conjure some foxfire!
You feel sick.
You are no longer poisoned.
The adder bites you.
* * * LOW HITPOINT WARNING * * *
You are lethally poisoned!
The adder poisons you! The adder bites you.
* * * LOW HITPOINT WARNING * * *
You are more poisoned.
The adder poisons you! The orc hits you but does no damage.
The orc hits your foxfire with a +0 hand axe.
Something hits you.
You die...

##### #b... #.#..
#.#.# ### #.#.#
.. # #.#.# .#
###.##v#S##.#
......§@o...#
###.#..v{#######
#............#
###..........##
.......♣♣.♣♣...##
###..♣..♣.♣..♣..#
.....♣♣.....♣♣..#
##......._......#
.....♣♣.....♣♣..#


You could see an adder, an orc (ally target) and a bat (asleep).

Vanquished Creatures
  3 gnolls (D:2)
  2 worms (D:2)
  3 dart slugs (D:1)
  An orc (D:3)
  5 endoplasms
  5 goblins
  3 hobgoblins (D:1)
  5 kobolds
  3 ball pythons
  3 bats (D:2)
  3 frilled lizards
  3 rats
39 creatures vanquished.

Vanquished Creatures (others)
  202 foxfires
202 creatures vanquished.

Grand Total: 241 creatures vanquished

Notes
Turn   | Place    | Note
-------+----------+-------------------------------------------
     0 | D:1      | retardedninja the Gnoll Fire Elementalist began the quest
                  | for the Orb.
     0 | D:1      | Reached XP level 1. HP: 13/13 MP: 6/6
   204 | D:1      | Reached XP level 2. HP: 19/19 MP: 4/7
   867 | D:1      | Reached skill level 5 in Spellcasting
   867 | D:1      | Reached XP level 3. HP: 25/25 MP: 4/9
  1366 | D:2      | HP: 1/25 [worm (10)]
  1371 | D:2      | Reached skill level 1 in Invocations
  1374 | D:2      | Learned a level 2 spell: Scorch
  2007 | D:2      | Reached skill level 1 in Fighting
  2007 | D:2      | Reached skill level 1 in Short Blades
  2007 | D:2      | Reached skill level 1 in Long Blades
  2007 | D:2      | Reached skill level 1 in Axes
  2007 | D:2      | Reached skill level 1 in Maces & Flails
  2007 | D:2      | Reached skill level 1 in Polearms
  2007 | D:2      | Reached skill level 1 in Staves
  2007 | D:2      | Reached skill level 1 in Ranged Weapons
  2007 | D:2      | Reached skill level 1 in Throwing
  2007 | D:2      | Reached skill level 1 in Armour
  2007 | D:2      | Reached skill level 1 in Shields
  2007 | D:2      | Reached skill level 1 in Unarmed Combat
  2007 | D:2      | Reached skill level 1 in Evocations
  2036 | D:2      | Reached XP level 4. HP: 32/32 MP: 7/11
  2376 | D:3      | Reached skill level 1 in Hexes
  2376 | D:3      | Reached skill level 1 in Summonings
  2376 | D:3      | Reached skill level 1 in Necromancy
  2376 | D:3      | Reached skill level 1 in Translocations
  2376 | D:3      | Reached skill level 1 in Transmutations
  2376 | D:3      | Reached skill level 1 in Ice Magic
  2376 | D:3      | Reached skill level 1 in Air Magic
  2376 | D:3      | Reached skill level 1 in Earth Magic
  2376 | D:3      | Reached skill level 1 in Poison Magic
  2389 | D:3      | Found a sparkling altar of Nemelex Xobeh.
  2431 | D:3      | Slain by an orc wizard

Illustrated notes

Levels and vault maps discovered:
D:1:      tarquinn_simple_flora_water_d, layout_basic,
          amcnicky_mini_corridor_feature
D:2:      layout_rooms
D:3:      layout_basic, mainiacjoe_overflow_small_starburst

Skill      XL: |  1  2  3  4 |
---------------+-------------+-----
Conjurations   | 2 |  2.2
Spellcasting   | 5 |  5.1
Invocations    | 1 |  1.3
Fighting       | 1 |  1.2
Short Blades   | 1 |  1.2
Long Blades    | 1 |  1.2
Axes           | 1 |  1.2
Maces & Flails | 1 |  1.2
Polearms       | 1 |  1.2
Staves         | 1 |  1.2
Ranged Weapons | 1 |  1.2
Throwing       | 1 |  1.2
Armour         | 1 |  1.2
Shields        | 1 |  1.2
Unarmed Combat | 1 |  1.2
Evocations     | 1 |  1.2
Hexes          | 1 |  1.0
Summonings     | 1 |  1.0
Necromancy     | 1 |  1.0
Translocations | 1 |  1.0
Transmutations | 1 |  1.0
Ice Magic      | 1 |  1.0
Air Magic      | 1 |  1.0
Earth Magic    | 1 |  1.0
Poison Magic   | 1 |  1.0
Dodging        | |  4.6
Stealth        | |  4.3
Fire Magic     | |  5.5

Action                     |  1- 3 |  4- 6 || total
---------------------------+-------+-------++-------
   Cast: Foxfire           |    97 |    21 ||   118
 Armour: Robe              |     1 |     5 ||     6
  Dodge: Dodged            |     9 |     7 ||    16

Table legend: (Time is in decaauts)
 A = Elapsed time spent in this place.
 B = Non-inter-level travel time spent in this place.
 C = Inter-level travel time spent in this place.
 D = Time resting spent in this place.
 E = Time spent auto-exploring this place.
 F = Levels seen in this place.
 G = Mean time per level.
                   A        B        C        D        E       F      G
               +--------+--------+--------+--------+--------+-----+--------+
         Total |   2430 |   2391 |     39 |     89 |   1970 |   3 |  810.0 |
       Dungeon |   2430 |   2391 |     39 |     89 |   1970 |   3 |  810.0 |
               +--------+--------+--------+--------+--------+-----+--------+

Top non-repeatable levels by time:
     D:1: 1350 daAuts
     D:2: 823 daAuts
     D:3: 255 daAuts
